 Dungeon Crawl Stone Soup version 0.27.0-1-g7a089689b8 (webtiles) character file.

Game seed: 14335186057146029385

311 Thatpatchoflichen the Magician (level 6, -8/32 HPs)
             Began as a Deep Elf Ice Elementalist on Aug 13, 2021.
             Mangled by an iguana (12 damage)
             ... summoned by an orc
             ... on level 5 of the Dungeon.
             The game lasted 00:23:24 (4985 turns).

Thatpatchoflichen the Magician (DEIE)               Turns: 4985, Time: 00:23:25

Health: -8/32      AC:  2    Str:  5    XL:     6   Next: 18%
Magic:  12/17      EV: 13    Int: 22    God:
Gold:   103        SH:  0    Dex: 15    Spells: 6/17 levels left

rFire    . . .     SeeInvis .   n - +0 dagger (elec)
rCold    . . .     Faith    .   (no shield)
rNeg     . . .     Spirit   .   a - +0 robe
rPois    .         Reflect  .   (no helmet)
rElec    .         Harm     .   (no cloak)
rCorr    .         Rampage  .   (no gloves)
Will     .....                  (no boots)
Stlth    ++........             (no amulet)
HPRegen  0.10/turn              (no ring)
MPRegen  0.15/turn              (no ring)

@: no status effects
A: no striking features
a: no special abilities


You were on level 5 of the Dungeon.
You visited 1 branch of the dungeon, and saw 5 of its levels.

You collected 103 gold pieces.

Inventory:

Hand Weapons
 l - a +0 hunting sling
 n - a +0 dagger of electrocution (weapon)
Missiles
 d - 7 javelins
 e - 37 arrows
 h - 50 stones
 p - 3 boomerangs
 r - 9 poisoned darts
Armour
 a - a +0 robe (worn)
Wands
 q - a wand of flame (8)
Scrolls
 b - a scroll of magic mapping {unknown}
 f - a scroll of enchant armour {unknown}
 g - 3 scrolls of identify {unknown}
 k - a scroll of brand weapon {unknown}
 m - a scroll of amnesia {unknown}
Potions
 c - 2 potions of flight {unknown}
 i - a potion of heal wounds {unknown}
 j - a potion of curing {unknown}
 o - a potion of brilliance {unknown}


   Skills:
 + Level 4.1 Dodging
 + Level 2.9 Stealth
 - Level 6.0 Spellcasting
 + Level 0.5 Conjurations
 - Level 6.0 Ice Magic


You had 6 spell levels left.
You knew the following spells:

 Your Spells              Type           Power      Damage    Failure   Level
a - Freeze                Ice            100%       1d11      1%          1
b - Frozen Ramparts       Ice            66%        1d8       2%          3
c - Ozocubu's Armour      Ice            33%        N/A       2%          3
d - Hailstorm             Conj/Ice       20%        3d6       24%         4

Your spell library contained the following spells:

 Spells                   Type           Power      Damage    Failure   Level
 Fulminant Prism          Conj/Hex       3%         3d6       63%         4
 Iskenderun's Mystic Bla  Conj/Tloc      7%         2d4       63%         4
 Lee's Rapid Deconstruct  Erth           3%         3d6*      94%         5


Dungeon Overview and Level Annotations

Branches:
Dungeon (5/15)
 Temple: D:4-7

Altars:
Makhleb
Wu Jian


Message History

The dart slug is lightly wounded.
The dart slug launches a dart at you. The slug dart hits you.
You hit the dart slug but do no damage.
The dart slug is lightly wounded.
You hit the dart slug but do no damage.
Lightning courses through the dart slug!
You kill the dart slug!
A sky beast comes into view. 2 orcs come into view.
An orc comes into view. It is wielding a +0 flail.
The orc shouts!
You hear a shout! x3
Casting: Freeze (safe; 1% risk of failure)
Confirm with . or Enter, or press ? or * to list all spells.
Casting: Frozen Ramparts (dangerous; 2% risk of failure)
Press: ? - help, Dir - look around, f - activate The walls around you are covered in ice.
The wall freezes the orc.
The orc hits you with a +0 flail.
Casting: Frozen Ramparts (dangerous; 2% risk of failure)
Confirm with . or Enter, or press ? or * to list all spells.
A film of ice covers your body!
The wall freezes the orc.
The wall freezes the orc!
You kill the orc!
The wall freezes the orc.
You kill the orc!
You hear the rusting of a very distant drain.
Your icy armour cracks and falls away as you move.
The frozen ramparts melt away as you move. 2 orcs come into view.
The orc reads a scroll.
Wisps of shadow swirl around the orc.
Things that are here:
a +0 flail; an orc corpse The iguana bites you!
* * * LOW HITPOINT WARNING * * *
Things that are here:
a +0 hand axe; a +0 leather armour A white imp comes into view.
The orc shouts!
The iguana bites you!
You die... .#. .#. ## .. .o #.# ###5 .. .ZO

#. #o# #.#.##.###l####.#
.........@)...o.#
####.###.###......
#.....# .###.. #####.# .#
# ### #.# .# #.## ##.##
##.## .#....Y
##...#######...##...[..#
##.....#................#
#.........###...##.......


You could see an ogre (summoned), an iguana (summoned), a white imp (wandering),
3 orcs and a scorpion zombie (summoned).

Vanquished Creatures
  A water moccasin (D:3)
  A bullfrog zombie (D:5)
  Terence (D:2)
  An iguana (D:4)
  3 adders
  2 worms (D:3)
  2 dart slugs
  7 orcs
  7 bats
  5 endoplasms
  4 giant cockroaches
  3 goblins
  7 hobgoblins
  8 jackals
  3 quokkas
  5 ball pythons
  2 frilled lizards
  5 kobolds
  8 rats
75 creatures vanquished.

Notes
Turn   | Place    | Note
-------+----------+-------------------------------------------
     0 | D:1      | Thatpatchoflichen the Deep Elf Ice Elementalist began the
                  | quest for the Orb.
     0 | D:1      | Reached XP level 1. HP: 10/10 MP: 6/6
   324 | D:1      | Reached XP level 2. HP: 10/15 MP: 5/8
   879 | D:1      | Found a faded altar of an unknown god.
  1269 | D:2      | Reached XP level 3. HP: 19/19 MP: 5/10
  1486 | D:2      | Noticed Terence
  2182 | D:2      | Killed Terence
  2183 | D:2      | Reached skill level 5 in Spellcasting
  2183 | D:2      | Reached XP level 4. HP: 6/24 MP: 7/13
  2580 | D:3      | Found an ornate altar of the Wu Jian Council.
  4032 | D:4      | Reached skill level 5 in Ice Magic
  4032 | D:4      | Reached XP level 5. HP: 19/28 MP: 13/15
  4145 | D:4      | Noticed a water moccasin
  4162 | D:3      | Killed a water moccasin
  4369 | D:3      | Learned a level 3 spell: Frozen Ramparts
  4373 | D:3      | Learned a level 3 spell: Ozocubu's Armour
  4378 | D:3      | Learned a level 4 spell: Hailstorm
  4514 | D:4      | Reached XP level 6. HP: 30/32 MP: 17/17
  4626 | D:4      | Found a burning altar of Makhleb.
  4674 | D:4      | HP: 1/32 [centaur/arrow (9)]
  4675 | D:5      | Entered Level 5 of the Dungeon
  4967 | D:5      | Noticed a sky beast
  4985 | D:5      | Mangled by an iguana

Illustrated notes

Levels and vault maps discovered:
D:1:      heliophobic_arrival_glass_houses, layout_loops_ring,
          shapermc_ecumenical_altar_mp_vishouse, minmay_crystal_room
D:2:      layout_basic, uniq_terence
D:3:      layout_basic, lemuel_doored_altar
D:4:      layout_loops_cross, mainiacjoe_overflow_paths,
          minmay_temple_entry_trees, kennysheep_opposing_triangles
D:5:      layout_loops_corners, portal_sewer_entry_e, serial_shops, shop,
          ebering_dispersal_statue_hall, minmay_diced_spiral

Skill      XL: |  1  2  3  4  5  6 |
---------------+-------------------+-----
Spellcasting   | 4 5 6 |  6.0
Dodging        | 3 4 |  4.1
Ice Magic      | 5 6 |  6.0
Stealth        | |  2.9
Conjurations   | |  0.5

Action                   |  1- 3 |  4- 6 || total
-------------------------+-------+-------++-------
Melee: Unarmed           |     4 |       ||     4
       Short sword       |     8 |     4 ||    12
       Dagger            |       |    59 ||    59
 Cast: Freeze            |    63 |    30 ||    93
       Frozen Ramparts   |       |     3 ||     3
       Ozocubu's Armour  |       |     2 ||     2
 Stab: Sleeping          |     2 |     3 ||     5
Armor: Robe              |    10 |    10 ||    20
       Leather armour    |     4 |     5 ||     9
Dodge: Dodged            |    55 |    71 ||   126
